[Event "Titled Tuesday Blitz August 15 Late 2023"]
[White "Kubatko, Ivan"]
[Black "Przybylski, Wojciech"]
[WhiteFideId "24111473"]
[BlackFideId "1117599"]
[WhiteElo "2449"]
[BlackElo "2563"]
[Result "1/2-1/2"]
[Round "7"]
[TimeControl "180+1"]
[Date "2023.08.15"]
[WhiteClock "0:00:16"]
[BlackClock "0:00:34"]
[Board "72"]

1. e4 c5 2. c3 Nf6 3. e5 Nd5 4. g3 h5 5. Bg2 e6 6. d4 cxd4 7. Qxd4 Nc6 8. Qe4 h4 9. a3 d6 10. c4 Nb6 11. exd6 Bxd6 12. Nc3 hxg3 13. hxg3 Rxh1 14. Bxh1 Bd7 15. b4 Qf6 16. Bd2 Be5 17. Nge2 Qf5 18. f4 Qxe4 19. Bxe4 Bf6 20. Bd3 O-O-O 21. O-O-O Be8 22. Kc2 Nd4+ 23. Nxd4 Bxd4 24. Be1 a6 25. c5 Nd5 26. Kb2 Ba4 27. Rc1 Ne3 28. Be4 f5 29. Bf3 Be8 30. Kb3 Bf7 31. a4 e5+ 32. Kb2 Nc4+ 33. Kc2 e4 34. Be2 Ne3+ 35. Kb2 Nd5 36. Kc2 Nxb4+ 37. Kb1 Nc6 38. Na2 Bb3 39. Nb4 Bxa4 40. Nxc6 Bxc6 41. g4 Be3 42. Rc2 g6 43. gxf5 gxf5 44. Bh5 Bb5 45. Be2 Ba4 46. Rb2 Rh8 47. Ka2 Bc6 48. Bc3 Rh2 49. Be5 Rh3 50. Bc4 Bxc5 51. Be6+ Bd7 52. Bd5 Bc6 53. Be6+ Bd7 54. Bd5 b5 55. Rc2 Kd8 56. Rxc5 Rd3 57. Bb7 Be6+ 58. Kb2 Rd2+ 59. Kc1 Rd7 60. Bf6+ Ke8 61. Bc6 e3 62. Bxd7+ Bxd7 63. Re5+ Kf7 64. Bh4 Bc6 65. Rxe3 Bd5 66. Kb2 Kg6 67. Re5 Be4 68. Bg5 Kh5 69. Re6 a5 70. Rb6 Bd3 71. Ra6 a4 72. Be7 Kg4 73. Ra5 Bc4 74. Bd6 Kf3 75. Kc3 Be2 76. Be5 Bf1 77. Kb4 Bd3 78. Ra8 Be2 79. Ra7 Bd3 80. Kc5 Ke4 81. Bd6 Kf3 82. Ra5 Be2 83. Kb6 Bd3 84. Kc7 Ke4 85. Kd7 Kd5 86. Be5 Kc5 87. Bd6+ Kb6 88. Ra8 Kb7 89. Rb8+ Ka7 90. Ke6 Bc4+ 91. Ke5 a3 92. Bxa3 Kxb8 93. Kd6 Kb7 94. Bb4 Kb6 95. Ke5 Bd3 96. Kd4 Be4 97. Ke5 Kc6 98. Kd4 Bc2 99. Ke5 Bb1 100. Kd4 Be4 101. Ke5 Kd7 102. Kd4 Ke6 103. Ke3 Kd5 104. Bf8 Kc4 105. Kd2 Kb3 106. Kc1 b4 107. Bg7 Ka3 108. Bh8 Kb3 109. Bg7 Bd5 110. Bh8 Kc4 111. Bg7 Kd3 112. Be5 Bc4 113. Kb1 Bb3 114. Kb2 Bd1 115. Bd6 Kc4 116. Be5 Be2 117. Kc1 Kb3 118. Bf6 Bf3 119. Be5 Be4 120. Bf6 Bc6 121. Be5 Ka3 122. Bf6 b3 123. Bg7 Kb4 124. Bh8 Bd5 125. Kb2 Kc4 126. Be5 Kd3 127. Bb8 Ke4 128. Bc7 Bc4 129. Bb8 Kd3 130. Bc7 Be6 131. Bb8 Kc4 132. Bc7 Kd5 133. Bb8 Bg8 134. Be5 Kc5 135. Bb8 Bf7 136. Be5 Kc6 137. Bb8 Be6 138. Be5 Kb6 139. Bd6 Bc4 140. Be5 Bd5 141. Bd6 Kb7 142. Be5 Bf7 143. Bd6 Kc8 144. Be5 Bg8 145. Bd4 Kd7 146. Be5 Be6 147. Bd4 Kd6 148. Be5+ Kd5 149. Bb8 Bf7 150. Bc7 Bh5 151. Bb8 Kc6 152. Be5 Bf7 153. Bd4 Kd6 154. Be5+ Kd7 155. Bd4 Bd5 156. Be5 Ke6 157. Bd4 Kd6 158. Be5+ Kc5 159. Bb8 Kc6 160. Be5 Be4 161. Bd4 Kd5 162. Be5 Kc4 163. Bb8 Bc6 164. Be5 Kc5 165. Bb8 Bd7 166. Be5 Be6 167. Bb8 Kd5 168. Be5 Kc6 169. Bd4 Bd5 170. Be5 Kb7 171. Bd4 Kc7 172. Be5+ Kd7 1/2-1/2


[Site "https://www.chess.com"]

[Event "Titled Tuesday Blitz August 15 Late 2023"]
[White "Grossboss19"]
[Black "Buchenau, Frank"]
[BlackFideId "4604350"]
[WhiteElo "2553"]
[BlackElo "2440"]
[Result "1-0"]
[Round "7"]
[TimeControl "180+1"]
[Date "2023.08.15"]
[WhiteClock "0:00:17"]
[BlackClock "0:00:00"]
[Board "73"]

1. e4 e6 2. Nf3 d5 3. d3 dxe4 4. dxe4 Qxd1+ 5. Kxd1 Bc5 6. Ke1 b6 7. c3 Bb7 8. Bd3 a5 9. Nbd2 Nd7 10. Nb3 a4 11. Nbd4 e5 12. Nb5 Rc8 13. b4 axb3 14. axb3 c6 15. Na3 Ra8 16. b4 Be7 17. Bb2 Ngf6 18. Nc4 Rxa1+ 19. Bxa1 Ba6 20. Nfd2 O-O 21. Ke2 Ra8 22. Bb2 Bb5 23. Ra1 Rxa1 24. Bxa1 Ne8 25. Na3 Bxd3+ 26. Kxd3 Nc7 27. Ndc4 Ne6 28. g3 g6 29. Bb2 f5 30. f3 Ng5 31. Nd2 Kf7 32. Nc2 h5 33. Ne3 Ke6 34. Bc1 b5 35. h4 Nf7 36. Nb3 Nd6 37. Ba3 f4 38. gxf4 exf4 39. Nd4+ Kf7 40. Ng2 Ne5+ 41. Ke2 Ndc4 42. Bc1 g5 43. hxg5 Bxg5 44. Bxf4 Bxf4 45. Nxf4 h4 46. Nh3 Kg6 47. f4 Ng4 48. Nxc6 Nf6 49. Nf2 Kh5 50. Nd4 Ng4 51. Nh3 Nf6 52. e5 Nd5 53. Nxb5 Kg4 54. Nf2+ Kxf4 55. e6 Kf5 56. Nd4+ Kf6 57. Ne4+ Ke5 58. Nf2 Nxc3+ 59. Kd3 1-0


[Site "https://www.chess.com"]

[Event "Titled Tuesday Blitz August 15 Late 2023"]
[White "maksimys18"]
[Black "Manukian, Artak"]
[BlackFideId "13301373"]
[WhiteElo "2553"]
[BlackElo "2437"]
[Result "1-0"]
[Round "7"]
[TimeControl "180+1"]
[Date "2023.08.15"]
[WhiteClock "0:02:00"]
[BlackClock "0:01:09"]
[Board "74"]

1. d4 c6 2. Nf3 d5 3. c4 Nf6 4. Nc3 e6 5. Bg5 dxc4 6. e4 b5 7. e5 h6 8. Bh4 g5 9. Bg3 Nd5 10. Be2 Bb4 11. Rc1 Qa5 12. O-O Bxc3 13. bxc3 Nxc3 14. Qd2 Nxe2+ 15. Qxe2 Bb7 16. Nd2 c5 17. Ne4 Ke7 18. Nd6 Bd5 19. f4 f5 20. exf6+ Kxd6 21. fxg5+ Kc6 22. Qe5 Kb7 23. f7 Nc6 24. Qg7 Qxa2 25. f8=Q+ Kb6 26. Qc7+ Ka6 27. Ra1 1-0


[Site "https://www.chess.com"]

[Event "Titled Tuesday Blitz August 15 Late 2023"]
[White "Gasparyan, David"]
[Black "Villiers, Thomas"]
[WhiteFideId "13311980"]
[BlackFideId "427209"]
[WhiteElo "2551"]
[BlackElo "2435"]
[Result "0-1"]
[Round "7"]
[TimeControl "180+1"]
[Date "2023.08.15"]
[WhiteClock "0:00:00"]
[BlackClock "0:00:46"]
[Board "75"]

1. c4 Nf6 2. Nf3 e6 3. d4 b6 4. Bg5 Bb7 5. Nc3 Be7 6. Qc2 d6 7. e3 Nbd7 8. Bd3 e5 9. dxe5 Nxe5 10. Nxe5 dxe5 11. Bxf6 Bxf6 12. Be4 Bxe4 13. Qxe4 O-O 14. O-O Qd2 15. Nd5 Qxb2 16. Nxc7 Rac8 17. Nd5 Qe2 18. Rac1 Qxa2 19. Qf5 Rxc4 20. Nxf6+ gxf6 21. Qxf6 Rxc1 22. Rxc1 Qe6 23. Qh4 a5 24. Rc7 a4 25. Re7 Qg6 26. h3 Ra8 27. Rxe5 a3 28. Rd5 a2 29. Rd8+ Rxd8 30. Qxd8+ Kg7 31. Qd4+ Qf6 32. Qg4+ Kh6 33. Qc8 a1=Q+ 34. Kh2 Qae5+ 35. Kg1 Qfd6 36. g3 Qd1+ 37. Kh2 Kg7 38. Qa8 Qed5 39. Qxd5 Qxd5 0-1


[Site "https://www.chess.com"]

[Event "Titled Tuesday Blitz August 15 Late 2023"]
[White "Baghdasaryan, Vahe"]
[Black "Francisco Guecamburu, Candela Be"]
[WhiteFideId "13303139"]
[BlackFideId "160911"]
[WhiteElo "2423"]
[BlackElo "2548"]
[Result "0-1"]
[Round "7"]
[TimeControl "180+1"]
[Date "2023.08.15"]
[WhiteClock "0:00:02"]
[BlackClock "0:00:05"]
[Board "76"]

1. e4 Nf6 2. e5 Nd5 3. c4 Nb6 4. d4 d6 5. exd6 exd6 6. Nc3 Be7 7. Nf3 Bg4 8. h3 Bxf3 9. Qxf3 Nc6 10. Be3 O-O 11. g4 f5 12. gxf5 Qd7 13. Bd3 Nb4 14. Be4 c6 15. a3 d5 16. cxd5 cxd5 17. Bb1 Nc6 18. Rg1 Bf6 19. Ba2 Nxd4 20. Bxd4 Bxd4 21. Nxd5 Kh8 22. Qg4 Bxb2 23. Rb1 Nxd5 24. Rxb2 Rae8+ 25. Kf1 Nf6 26. Qf3 b6 27. Be6 Qd4 28. Re2 a5 29. Qg3 Nh5 30. Qg5 Nf4 31. Rd2 Qa1+ 32. Rd1 Qxd1# 0-1


[Site "https://www.chess.com"]

[Event "Titled Tuesday Blitz August 15 Late 2023"]
[White "Bilan, Danila"]
[Black "Melikhov, Evgeny V."]
[WhiteFideId "24161918"]
[BlackFideId "4122046"]
[WhiteElo "2541"]
[BlackElo "2415"]
[Result "1-0"]
[Round "7"]
[TimeControl "180+1"]
[Date "2023.08.15"]
[WhiteClock "0:00:08"]
[BlackClock "0:00:04"]
[Board "77"]

1. d4 Nf6 2. Nf3 d5 3. c4 e6 4. Nc3 Bb4 5. Qb3 Nc6 6. a3 dxc4 7. Qxc4 Bd6 8. Bg5 h6 9. Bh4 g5 10. Bg3 Nh5 11. e3 Nxg3 12. hxg3 g4 13. Nd2 h5 14. Be2 e5 15. d5 Ne7 16. e4 Ng6 17. Nb5 h4 18. gxh4 Rxh4 19. O-O-O a6 20. Nxd6+ cxd6 21. Kb1 Bd7 22. Qb4 Qg5 23. Rxh4 Nxh4 24. g3 Nf3 25. Bxf3 gxf3 26. Qxd6 Rc8 27. Nxf3 Qg4 28. Rh1 Qxe4+ 29. Ka1 Rc1+ 30. Rxc1 Qxf3 31. Qxe5+ Kf8 32. Qh8+ Ke7 33. Re1+ Kd6 34. Qe5+ Kc5 35. d6+ Kb6 36. Qd4+ Kc6 37. Rc1+ Kb5 38. Qb4# 1-0


[Site "https://www.chess.com"]

[Event "Titled Tuesday Blitz August 15 Late 2023"]
[White "Todorovic, Bojan"]
[Black "Kupervaser, Erez"]
[WhiteFideId "917087"]
[BlackFideId "2814587"]
[WhiteElo "2419"]
[BlackElo "2528"]
[Result "1-0"]
[Round "7"]
[TimeControl "180+1"]
[Date "2023.08.15"]
[WhiteClock "0:01:23"]
[BlackClock "0:00:37"]
[Board "78"]

1. d4 d5 2. c4 c6 3. Nf3 Nf6 4. Nc3 e6 5. e3 Nbd7 6. Qc2 Bd6 7. b3 O-O 8. Be2 Re8 9. O-O a6 10. a4 Qe7 11. Bb2 e5 12. cxd5 cxd5 13. dxe5 Nxe5 14. Nd4 g6 15. Rac1 Neg4 16. g3 h5 17. Bf3 Ne5 18. Bg2 h4 19. Nxd5 Nxd5 20. Bxd5 hxg3 21. hxg3 Bh3 22. Bg2 Bxg2 23. Kxg2 Ng4 24. Qe2 Qg5 25. Nf3 Nxe3+ 26. Qxe3 Rxe3 27. Nxg5 Rxb3 28. Bf6 Re8 29. Rh1 1-0


[Site "https://www.chess.com"]

[Event "Titled Tuesday Blitz August 15 Late 2023"]
[White "Balla, Tamas-Kristof"]
[Black "Grinev, Valeriy"]
[WhiteFideId "1208497"]
[BlackFideId "14117517"]
[WhiteElo "2411"]
[BlackElo "2526"]
[Result "1-0"]
[Round "7"]
[TimeControl "180+1"]
[Date "2023.08.15"]
[WhiteClock "0:00:08"]
[BlackClock "0:00:43"]
[Board "79"]

1. e4 c5 2. c3 Nc6 3. d4 cxd4 4. cxd4 Nf6 5. Nc3 d6 6. h3 a6 7. Nf3 e5 8. d5 Ne7 9. Be2 Ng6 10. O-O h6 11. Be3 Bd7 12. a4 Be7 13. Qd2 Rc8 14. Ne1 Rxc3 15. Qxc3 Nxe4 16. Qc2 Nf6 17. Qb3 Qa8 18. Rc1 O-O 19. Nc2 Rc8 20. Nb4 b5 21. Nc6 Bxc6 22. dxc6 Rxc6 23. Rxc6 Qxc6 24. axb5 axb5 25. Bxb5 Qe4 26. Bd3 Qh4 27. Bxg6 d5 28. Bb1 e4 29. Bd4 Nh5 30. Qxd5 Nf4 31. Qxe4 g6 32. Qa8+ Bd8 33. Bb6 Nxh3+ 34. gxh3 Qxh3 35. Qxd8+ Kh7 36. Qd3 Qe6 37. Bd4 Qg4+ 38. Qg3 Qxd4 39. Re1 Qxb2 40. Be4 Qf6 41. Bd3 h5 42. Re3 Qa1+ 43. Kg2 Qd4 44. Rf3 f5 45. Bxf5 gxf5 46. Rxf5 Qe4+ 47. Rf3 h4 48. Qf4 Qg6+ 49. Kh2 Kg7 50. Qe5+ Kg8 51. Qf5 Qd6+ 52. Qf4 Qg6 53. Qxh4 Qc2 54. Qg4+ Kh8 55. Rh3+ Qh7 56. Qc8+ Kg7 57. Qc7+ Kf6 58. Qxh7 Kg5 59. Qe7+ Kf4 60. Qe3+ Kg4 61. Rg3+ Kf5 62. Rg5+ Kf6 63. Qe5+ Kf7 64. Rg7+ 1-0


[Site "https://www.chess.com"]

[Event "Titled Tuesday Blitz August 15 Late 2023"]
[White "Mikhalsky, Vladimir"]
[Black "Grebeniuk, Semen"]
[WhiteFideId "14144352"]
[BlackFideId "14117509"]
[WhiteElo "2396"]
[BlackElo "2521"]
[Result "0-1"]
[Round "7"]
[TimeControl "180+1"]
[Date "2023.08.15"]
[WhiteClock "0:00:04"]
[BlackClock "0:00:11"]
[Board "80"]

1. d4 f5 2. Bg5 g6 3. h4 Nh6 4. h5 Nf7 5. Bd2 Bg7 6. Nf3 d6 7. Nc3 c6 8. e4 e5 9. d5 f4 10. dxc6 bxc6 11. Bc4 Qe7 12. Qe2 Be6 13. O-O-O g5 14. g3 h6 15. Rhg1 fxg3 16. Rxg3 O-O 17. Nh2 Kh7 18. Ng4 Nd7 19. Ne3 Nf6 20. Bxe6 Qxe6 21. Nf5 Rfd8 22. Kb1 d5 23. Nxg7 Kxg7 24. exd5 cxd5 25. f4 Ne4 26. Nxe4 exf4 27. Bc3+ Kf8 28. Bb4+ Kg8 29. Nc3 Qxe2 30. Nxe2 fxg3 31. Nxg3 Ne5 32. Nf5 Kh7 33. Bc3 Nc4 34. b3 Nb6 35. Ne7 Rd7 36. Bb4 Re8 37. Ng6 d4 38. Nf8+ Rxf8 39. Bxf8 Nd5 40. Bc5 Nc3+ 41. Kb2 Nxd1+ 42. Kc1 d3 43. Kxd1 dxc2+ 44. Kxc2 Rc7 45. b4 Kg7 46. Kd3 Kf6 47. Ke4 g4 48. Kf4 g3 49. Kxg3 Kg5 50. Kf3 Kxh5 51. Ke4 Kg4 52. Kd5 h5 53. Kd6 Rh7 54. b5 h4 55. a4 h3 56. Bg1 Kf3 57. Bh2 Kg2 58. Be5 Rh5 59. Bf4 Rh4 60. Be5 Rxa4 61. Kc6 h2 62. Bxh2 Kxh2 63. Kb7 Kg3 64. Kc6 Kf3 65. Kc5 Ke3 66. Kd5 Kd3 67. Kc5 Kc3 68. Kc6 Kb4 0-1


[Site "https://www.chess.com"]

[Event "Titled Tuesday Blitz August 15 Late 2023"]
[White "Mickiewicz, Piotr"]
[Black "Polaczek, Richard"]
[WhiteFideId "1114891"]
[BlackFideId "200026"]
[WhiteElo "2517"]
[BlackElo "2374"]
[Result "0-1"]
[Round "7"]
[TimeControl "180+1"]
[Date "2023.08.15"]
[WhiteClock "0:00:17"]
[BlackClock "0:00:47"]
[Board "81"]

1. e4 Nf6 2. e5 Nd5 3. d4 d6 4. c4 Nb6 5. f4 dxe5 6. fxe5 c5 7. Nf3 g6 8. d5 Bg7 9. Nc3 O-O 10. Bd3 Bg4 11. Bf4 N8d7 12. Qe2 Bxf3 13. gxf3 Qb8 14. d6 exd6 15. e6 Ne5 16. Bxe5 Bxe5 17. exf7+ Rxf7 18. O-O-O Qf8 19. Be4 Re8 20. Qd3 a6 21. h4 Kh8 22. h5 g5 23. Bg6 Bf4+ 24. Kb1 Re3 25. Qxd6 Bxd6 26. Bxf7 Qxf7 27. Rxd6 Qf5+ 28. Ne4 Rxf3 29. Re1 Rf1 30. Rxf1 Qxf1+ 31. Kc2 Qxc4+ 32. Nc3 Na4 33. h6 Kg8 34. Rd8+ Kf7 35. Rd6 Nxc3 36. bxc3 Qxa2+ 37. Kd3 Qb3 38. Rd7+ Kg6 39. Rg7+ Kxh6 40. Rd7 c4+ 41. Kd4 Qd1+ 42. Kxc4 Qxd7 0-1


[Site "https://www.chess.com"]

[Event "Titled Tuesday Blitz August 15 Late 2023"]
[White "Daianu, Cristian-Clement"]
[Black "Avila Rodriguez, Joshua Ad"]
[WhiteFideId "1208926"]
[BlackFideId "5126444"]
[WhiteElo "2371"]
[BlackElo "2509"]
[Result "1-0"]
[Round "7"]
[TimeControl "180+1"]
[Date "2023.08.15"]
[WhiteClock "0:00:15"]
[BlackClock "0:00:01"]
[Board "82"]

1. e4 c5 2. Nf3 d6 3. d4 cxd4 4. Nxd4 Nf6 5. Nc3 a6 6. Qf3 g6 7. h3 Bg7 8. Be3 O-O 9. O-O-O Nc6 10. g4 Nd7 11. Kb1 Qc7 12. h4 Nde5 13. Qg2 Bxg4 14. f3 Bh5 15. Nd5 Qd8 16. Be2 Nxd4 17. Bxd4 Rc8 18. Nf4 Qc7 19. c3 b5 20. Nxh5 gxh5 21. Bxe5 f6 22. Rhg1 Rf7 23. Bd4 Kh8 24. f4 e5 25. Be3 Bh6 26. Bxh5 Rg7 27. Qf2 Qb7 28. Bf3 b4 29. cxb4 Qxb4 30. fxe5 Bxe3 31. Qxe3 Rb7 32. Rg2 dxe5 33. Qh6 Qb6 34. Rdg1 Rcb8 35. Qd2 a5 36. Bd1 Rd8 37. Qc2 Rc7 38. Qb3 Qxb3 39. Bxb3 Rcc8 40. Rg7 Rb8 41. h5 Ra8 42. Bd5 a4 43. Bxa8 Rxa8 44. h6 Rb8 45. Rf7 1-0


[Site "https://www.chess.com"]

[Event "Titled Tuesday Blitz August 15 Late 2023"]
[White "Carrasco Miranda, Andres"]
[Black "Morgunov, Marc"]
[WhiteFideId "3405990"]
[BlackFideId "1640305"]
[WhiteElo "2346"]
[BlackElo "2509"]
[Result "1-0"]
[Round "7"]
[TimeControl "180+1"]
[Date "2023.08.15"]
[WhiteClock "0:00:40"]
[BlackClock "0:00:00"]
[Board "83"]

1. d4 d5 2. c4 c6 3. Nf3 Nf6 4. e3 Bf5 5. Nc3 e6 6. Nh4 Be4 7. f3 Bg6 8. Qb3 Qb6 9. Nxg6 hxg6 10. Bd2 Nbd7 11. g3 Bd6 12. f4 g5 13. c5 Qxb3 14. axb3 Bc7 15. b4 gxf4 16. gxf4 b5 17. Be2 Ke7 18. Kf2 Rh7 19. Bd3 g6 20. Ra6 Nb8 21. Ra2 a6 22. e4 dxe4 23. Nxe4 Nxe4+ 24. Bxe4 Ra7 25. h4 Bd8 26. b3 Kf8 27. Kg3 Rh8 28. Be3 f5 29. Bf3 Rah7 30. Rah2 Bf6 31. h5 gxh5 32. Rxh5 Rxh5 33. Rxh5 Rxh5 34. Bxh5 Ke7 35. Bf3 Kd7 36. Bh5 Kd8 37. Bf3 Kc7 38. Bh5 Nd7 39. Bf7 Nf8 40. Be8 1-0


[Site "https://www.chess.com"]

[Event "Titled Tuesday Blitz August 15 Late 2023"]
[White "Dr_Pepper18"]
[Black "Arutla, Aditya"]
[BlackFideId "30961998"]
[WhiteElo "2325"]
[BlackElo "2507"]
[Result "1-0"]
[Round "7"]
[TimeControl "180+1"]
[Date "2023.08.15"]
[WhiteClock "0:00:20"]
[BlackClock "0:00:01"]
[Board "84"]

1. d4 d5 2. c4 c6 3. Nc3 Nf6 4. e3 e6 5. Nf3 Nbd7 6. Qc2 Bd6 7. g4 h6 8. Rg1 e5 9. cxd5 cxd5 10. Nb5 Bb8 11. g5 hxg5 12. Nxg5 e4 13. Bd2 a6 14. Rc1 Bxh2 15. Nc7+ Bxc7 16. Qxc7 Qxc7 17. Rxc7 Ng8 18. f3 exf3 19. Nxf3 g6 20. Bb4 Ngf6 21. Ne5 a5 22. Ba3 Rh2 23. Bb5 Kd8 24. Bd6 Rxb2 25. Bd3 Ke8 26. Rh1 Nh5 27. Nxg6 Ndf6 28. Ne5 Rxa2 29. Re7+ Kd8 30. Nxf7# 1-0


[Site "https://www.chess.com"]

[Event "Titled Tuesday Blitz August 15 Late 2023"]
[White "Kohler, Aran"]
[Black "Hristodoulou, Panagiotis"]
[WhiteFideId "1002856"]
[BlackFideId "4214340"]
[WhiteElo "2260"]
[BlackElo "2503"]
[Result "0-1"]
[Round "7"]
[TimeControl "180+1"]
[Date "2023.08.15"]
[WhiteClock "0:00:07"]
[BlackClock "0:01:22"]
[Board "85"]

1. d4 g6 2. c3 c5 3. dxc5 Bg7 4. Nf3 Nf6 5. Nbd2 a5 6. a4 Na6 7. Nb3 Qc7 8. Qd4 Nh5 9. Qc4 d5 10. Qb5+ Bd7 11. Qxa5 Qxa5 12. Nxa5 Nxc5 13. b4 Bxc3+ 14. Bd2 Bxd2+ 15. Nxd2 Nxa4 16. e3 b6 17. Nab3 O-O 18. Be2 Nf6 19. O-O Nc3 20. Bf3 e6 21. Nd4 e5 22. N4b3 Be6 23. Rxa8 Rxa8 24. Ra1 Rxa1+ 25. Nxa1 Na2 26. b5 Nc3 27. h3 Nxb5 28. g4 g5 29. Be2 Nc3 30. Ba6 Nd7 31. Nab3 Nc5 32. Bf1 Kf8 33. Nxc5 bxc5 34. f3 Ke7 35. Kf2 f5 36. gxf5 Bxf5 37. e4 dxe4 38. fxe4 Nxe4+ 39. Nxe4 Bxe4 40. Bc4 Bf5 41. Kg3 h6 42. h4 Kd6 43. hxg5 hxg5 44. Kf3 Kc7 0-1


[Site "https://www.chess.com"]

[Event "Titled Tuesday Blitz August 15 Late 2023"]
[White "elpera"]
[Black "Kovacevic, Radmila"]
[BlackFideId "933171"]
[WhiteElo "2500"]
[BlackElo "2249"]
[Result "0-1"]
[Round "7"]
[TimeControl "180+1"]
[Date "2023.08.15"]
[WhiteClock "0:00:00"]
[BlackClock "0:00:30"]
[Board "86"]

1. c4 e5 2. Nc3 Nc6 3. g3 a6 4. Bg2 Bc5 5. e3 Ba7 6. Nge2 h5 7. h3 d6 8. d4 h4 9. g4 f5 10. d5 Nce7 11. g5 e4 12. Nf4 Kf7 13. b3 Ng6 14. Bb2 Qxg5 15. Nxg6 Qxg6 16. Rg1 Rh5 17. Ne2 Rg5 18. Nf4 Qh7 19. Qe2 Ne7 20. O-O-O Bd7 21. Ne6 Bxe6 22. dxe6+ Kxe6 23. Bxe4 Rxg1 24. Bd5+ Kd7 25. Rxg1 g6 26. Bxb7 Rb8 27. Bxa6 c6 28. c5 Bxc5 29. Bc4 d5 30. Bd3 Bd6 31. Kb1 Qf7 32. Rd1 Kc7 33. f3 Qe6 34. e4 fxe4 35. fxe4 Qxh3 36. exd5 Nxd5 37. Bxg6 Nc3+ 0-1


[Site "https://www.chess.com"]

[Event "Titled Tuesday Blitz August 15 Late 2023"]
[White "BeautiFullMindChess"]
[Black "arenal72"]
[WhiteElo "2229"]
[BlackElo "2495"]
[Result "0-1"]
[Round "7"]
[TimeControl "180+1"]
[Date "2023.08.15"]
[WhiteClock "0:00:02"]
[BlackClock "0:00:50"]
[Board "87"]

1. e4 Nc6 2. Nf3 d6 3. d4 Nf6 4. Nc3 g6 5. Bb5 a6 6. Bxc6+ bxc6 7. h3 Bg7 8. Qd3 O-O 9. O-O a5 10. Re1 Nd7 11. Qc4 c5 12. dxc5 Nxc5 13. e5 Ne6 14. Qh4 Bb7 15. Ng5 Nxg5 16. Bxg5 f6 17. exf6 Bxf6 18. Bxf6 Rxf6 19. Qc4+ Kg7 20. Nd5 Bxd5 21. Qxd5 e5 22. c4 Rb8 23. b3 a4 24. Re3 Qf8 25. Rd1 Rxf2 26. c5 Rf6 27. bxa4 Rb2 28. Rd2 Rf1+ 29. Kh2 Qf4+ 30. Rg3 Rxd2 31. Qc6 Rdd1 32. Qd7+ Kh6 33. Qd8 Rh1# 0-1


[Site "https://www.chess.com"]

[Event "Titled Tuesday Blitz August 15 Late 2023"]
[White "Tomb, Maroun"]
[Black "Curtis, John"]
[WhiteFideId "5300398"]
[BlackFideId "3200256"]
[WhiteElo "2491"]
[BlackElo "2082"]
[Result "1-0"]
[Round "7"]
[TimeControl "180+1"]
[Date "2023.08.15"]
[WhiteClock "0:00:02"]
[BlackClock "0:00:00"]
[Board "88"]

1. e4 d5 2. exd5 Nf6 3. c4 c6 4. d4 cxd5 5. Nc3 Nc6 6. cxd5 Nxd5 7. Nf3 e6 8. Bc4 Nb6 9. Bb3 Be7 10. O-O O-O 11. a4 Bf6 12. Be3 Na5 13. Bc2 Bd7 14. b3 Rc8 15. Ne4 Be7 16. Qd3 g6 17. Bh6 Re8 18. Ne5 Nc6 19. Nxc6 Bxc6 20. Rad1 Nd5 21. Bb1 Nb4 22. Qe3 Qd5 23. Qg3 Qh5 24. Bf4 Bxe4 25. Bxe4 Nd5 26. Be5 Qg5 27. Qf3 Bf8 28. g3 Qd8 29. h4 Bg7 30. Bxg7 Kxg7 31. Rfe1 Rc3 32. Rd3 Rxd3 33. Bxd3 b6 34. Bc4 Nf6 35. Rd1 Qb8 36. d5 exd5 37. Bxd5 Nxd5 38. Rxd5 Qc7 39. Kg2 Re6 40. h5 Qc6 41. g4 Rf6 42. h6+ 1-0


[Site "https://www.chess.com"]

[Event "Titled Tuesday Blitz August 15 Late 2023"]
[White "GaiozNigalidze"]
[Black "Pesotskiy, Mikhail"]
[BlackFideId "34164453"]
[WhiteElo "2700"]
[BlackElo "2429"]
[Result "1-0"]
[Round "7"]
[TimeControl "180+1"]
[Date "2023.08.15"]
[WhiteClock "0:00:18"]
[BlackClock "0:00:03"]
[Board "89"]

1. Nc3 e6 2. d4 d5 3. g3 Nf6 4. Bg2 c5 5. Nf3 Nc6 6. dxc5 Bxc5 7. O-O O-O 8. a3 b6 9. b4 Be7 10. Bb2 Bb7 11. Nb5 Rc8 12. Rc1 Qd7 13. Nbd4 Rfd8 14. Nxc6 Qxc6 15. Ne5 Qc7 16. Qd4 Bf8 17. Rfd1 Ne4 18. Ng4 f6 19. f4 Nc3 20. Re1 h5 21. Ne3 e5 22. fxe5 fxe5 23. Qh4 d4 24. Bxb7 Qxb7 25. Nf5 Qf7 26. Qg5 g6 27. Bxc3 Qxf5 28. Qxf5 gxf5 29. Bd2 Kg7 30. Kf2 Rc4 31. c3 Kg6 32. cxd4 Rdxd4 33. Be3 Re4 34. Rxc4 Rxc4 35. Rd1 f4 36. gxf4 exf4 37. Bd4 Kf5 38. Rd2 a5 39. bxa5 Rxd4 40. Rxd4 Bc5 41. e3 fxe3+ 42. Ke2 bxa5 43. Rd5+ 1-0


[Site "https://www.chess.com"]

[Event "Titled Tuesday Blitz August 15 Late 2023"]
[White "financieru"]
[Black "Gubajdullin, Alexei"]
[BlackFideId "4141202"]
[WhiteElo "2415"]
[BlackElo "2678"]
[Result "0-1"]
[Round "7"]
[TimeControl "180+1"]
[Date "2023.08.15"]
[WhiteClock "0:00:25"]
[BlackClock "0:01:36"]
[Board "90"]

1. d4 g6 2. c4 Bg7 3. Nc3 d6 4. e4 Nf6 5. f3 O-O 6. Be3 Nc6 7. Nge2 a6 8. Qd2 Rb8 9. h4 h5 10. Nd5 e6 11. Nxf6+ Bxf6 12. Bg5 b5 13. cxb5 Rxb5 14. Nc3 Rxg5 15. hxg5 Bxg5 16. f4 Bh6 17. d5 Ne5 18. O-O-O exd5 19. Nxd5 Be6 20. Kb1 Bxd5 21. exd5 a5 22. g3 a4 23. Bb5 a3 24. bxa3 Qb8 25. Qb4 Ng4 26. Rhe1 Bg7 27. Be2 Qa7 28. Bxg4 Rb8 29. Bd7 Rxb4+ 30. axb4 Qa3 31. Re2 Qxb4+ 32. Kc2 Qc3+ 33. Kb1 Qa1+ 34. Kc2 Qxa2+ 35. Kd3 Qb3+ 36. Kd2 Qc3# 0-1


[Site "https://www.chess.com"]

[Event "Titled Tuesday Blitz August 15 Late 2023"]
[White "Andrews, Todd"]
[Black "Pinheiro, Iung Alicio de O."]
[WhiteFideId "2012456"]
[BlackFideId "2104350"]
[WhiteElo "2408"]
[BlackElo "2588"]
[Result "0-1"]
[Round "7"]
[TimeControl "180+1"]
[Date "2023.08.15"]
[WhiteClock "0:00:03"]
[BlackClock "0:00:23"]
[Board "91"]

1. e4 c5 2. Nf3 Nc6 3. d4 cxd4 4. Nxd4 e5 5. Nb5 d6 6. c4 Be7 7. N1c3 a6 8. Na3 f5 9. Be2 f4 10. Bg4 Nf6 11. Bxc8 Qxc8 12. Nc2 O-O 13. O-O Qe6 14. b3 Bd8 15. Ba3 Ba5 16. b4 Bb6 17. Nd5 Bd8 18. f3 Ne7 19. Qd3 Nexd5 20. exd5 Qd7 21. Rad1 a5 22. c5 axb4 23. Bxb4 Rxa2 24. c6 bxc6 25. dxc6 Qa7+ 26. Kh1 Bc7 27. Qb3+ Kh8 28. Bxd6 Bxd6 29. Rxd6 Ra6 30. Rfd1 Qe7 31. Nb4 Rb6 32. Qc4 h6 33. h3 Kh7 34. Nc2 e4 35. Re6 Qc7 36. fxe4 Nh5 37. Rd7 Rb1+ 38. Kh2 Ng3 39. Rxh6+ Kxh6 40. Qe6+ Kh7 41. Ne1 Rxe1 42. Rxc7 Rh1# 0-1


[Site "https://www.chess.com"]

[Event "Titled Tuesday Blitz August 15 Late 2023"]
[White "Figorito, Nick"]
[Black "Hajiyev, Kanan"]
[WhiteFideId "30923689"]
[BlackFideId "13404148"]
[WhiteElo "2403"]
[BlackElo "2543"]
[Result "0-1"]
[Round "7"]
[TimeControl "180+1"]
[Date "2023.08.15"]
[WhiteClock "0:00:32"]
[BlackClock "0:00:53"]
[Board "92"]

1. Nf3 c6 2. g3 d5 3. Bg2 Nf6 4. O-O g6 5. d3 Bg7 6. Nbd2 O-O 7. Qe1 a5 8. e4 dxe4 9. Nxe4 a4 10. Nxf6+ Bxf6 11. a3 Na6 12. Rb1 Nc5 13. Bh6 Re8 14. Qe3 b6 15. Bg5 Bg7 16. Bh6 Bh8 17. Ne5 Bxe5 18. Qxe5 f6 19. Qc3 Qd6 20. d4 Ne6 21. Qxc6 Ba6 22. Rfe1 Nxd4 23. Qxd6 exd6 24. Bxa8 Rxa8 25. Re7 Nf5 26. Rbe1 Nxh6 27. Re8+ Rxe8 28. Rxe8+ Kf7 29. Rb8 Be2 30. Rxb6 Nf5 31. Rb7+ Ne7 32. Ra7 Bb5 33. c4 Bc6 34. f4 h5 35. Kf2 Ke6 36. Ke3 Nf5+ 37. Kd2 Nd4 38. Kc3 Nf3 39. Rg7 Be4 40. Ra7 Bc6 41. Rg7 Kf5 42. Rc7 Be4 43. Rd7 Nxh2 44. Rxd6 Nf1 45. Ra6 Nxg3 46. Rxa4 h4 47. Kd4 h3 48. Ra5+ Kxf4 49. Ra6 h2 50. Rxf6+ Bf5 51. Rd6 h1=Q 52. Kc5 Ne4+ 0-1


[Site "https://www.chess.com"]